 Dungeon Crawl Stone Soup version 0.30.1-9-gdf580d7c3d (webtiles) character file.

Game seed: 11895649921907906906

35 Peloso the Covered (level 3, 0/33 HPs)
             Began as a Minotaur Fighter on Oct 25, 2023.
             Slain by Jessica
             ... wielding a +0 club
              (4 damage)
             ... on level 2 of the Dungeon.
             The game lasted 00:01:36 (1272 turns).

Peloso the Covered (Minotaur Fighter)               Turns: 1272, Time: 00:01:36

Health: 0/33       AC:  8    Str: 20    XL:     3   Next: 16%
Magic:  2/2        EV:  9    Int:  5    God:
Gold:   21         SH:  4    Dex: 11    Spells: 2/2 levels left

rFire   . . .        a - +0 long sword
rCold   . . .        d - +0 buckler
rNeg    . . .        b - +0 scale mail
rPois   .            (helmet restricted)
rElec   .            (no cloak)
rCorr   .            c - +0 pair of gloves
SInv    .            (no boots)
Will    .....        (no amulet) Stlth
                     (no ring)
HPRegen 0.25/turn    (no ring)
MPRegen 0.08/turn

%: no passive effects
@: no status effects
A: horns 2, retaliatory headbutt
a: no special abilities


You were on level 2 of the Dungeon.
You visited 1 branch of the dungeon, and saw 2 of its levels.

You collected 21 gold pieces.

Inventory:

Hand Weapons
 a - a +0 long sword (weapon)
Armour
 b - a +0 scale mail (worn)
 c - a +0 pair of gloves (worn)
 d - a +0 buckler (worn)
Scrolls
 e - a scroll of amnesia {unknown}
 f - a scroll of enchant armour {unknown}
 j - 4 scrolls of teleportation {unknown}
Potions
 g - a potion of might
 h - a potion of heal wounds


   Skills:
 + Level 4.1 Fighting
 + Level 3.1 Long Blades
 + Level 4.2 Armour
 + Level 3.9 Shields


You had 2 spell levels left.
You didn't know any spells.
Your spell library contained the following spells:

 Spells                   Type           Power      Damage    Failure   Level
 Blink                    Tloc           0%         N/A       95%         2
 Cigotuvi's Dreadful Rot  Necr/Pois/Air  0%         N/A       95%         2
 Lesser Beckoning         Tloc           0%         N/A       95%         2
 Momentum Strike          Conj/Tloc      0%         3d8       95%         2
 Ignite Poison            Fire/Tmut/Pois 0%         N/A       99%         3
 Freezing Cloud           Conj/Ice/Air   0%         6-21      100%        5


Dungeon Overview and Level Annotations

Branches:
Dungeon (2/15)

Altars:

Annotations:
D:2 Jessica


Innate Abilities, Weirdness & Mutations

You have a pair of horns on your head.
You reflexively headbutt those who attack you in melee.


Message History

You kill the worm!
You see here a worm corpse.
HP restored.
You now have 21 gold pieces (gained 7).
Jessica the Apprentice Sorceress comes into view.
She is wielding a +0 club and carrying a wand of flame (15).
Jessica shouts!
Jessica is nearby!
Jessica is nearby!
Found 19 gold pieces.
Jessica casts a spell at you. Pain shoots through your body!
You closely miss Jessica.
Jessica mumbles some strange words.
Jessica blinks!
Jessica zaps a wand.
The puff of flame hits you but does no damage.
Jessica zaps a wand.
The puff of flame hits you but does no damage.
Jessica closely misses you.
You hit Jessica. You headbutt Jessica, but do no damage.
Jessica is moderately wounded.
Jessica hits you with a +0 club. x2
You hit Jessica. Your headbutt misses Jessica.
Jessica is almost dead.
Jessica hits you but does no damage.
You barely miss Jessica.
Jessica is almost dead.
Jessica zaps a wand.
The puff of flame hits you.
You barely miss Jessica.
Jessica is almost dead.
Jessica zaps a wand.
The puff of flame misses you. Jessica hits you with a +0 club.
You hit Jessica but do no damage.
Jessica is almost dead.
Jessica zaps a wand.
The puff of flame hits you!
* * * LOW HITPOINT WARNING * * *
You closely miss Jessica.
Jessica is severely wounded.
Jessica hits you with a +0 club.
You die...

#.#.##. ... #......#####
... # #..........# #.# #
#..........# #.# #
#..........#####.# #
#..............#.# #
#..........###.#.#######
+..........# #..........
#......@...# #..........
#.......@..# #..........
########.### #...(.)....
#.# ###.#.####### #$#
#...........#
.###..........^#
.##............#
#.##............#
........#.#######


You could see Jessica.

Vanquished Creatures
  A worm (D:2)
  A dart slug (D:2)
  3 ball pythons
  A bat (D:1)
  4 endoplasms (D:1)
  A giant cockroach (D:1)
  2 goblins
  3 hobgoblins (D:1)
  3 quokkas (D:1)
  6 frilled lizards
  A kobold (D:1)
  2 rats (D:1)
28 creatures vanquished.

Notes
Turn   | Place    | Note
-------+----------+-------------------------------------------
     0 | D:1      | Peloso the Minotaur Fighter began the quest for the Orb.
     0 | D:1      | Reached XP level 1. HP: 19/19 MP: 0/0
   209 | D:1      | Reached XP level 2. HP: 27/27 MP: 1/1
  1157 | D:2      | Reached XP level 3. HP: 19/33 MP: 2/2
  1257 | D:2      | Noticed Jessica
  1272 | D:2      | Slain by Jessica

Illustrated notes

Levels and vault maps discovered:
D:1:      saegor_arrival_simple_a, layout_loops_corners, minmay_pentomino_x4
D:2:      layout_basic, uniq_jessica

Skill      XL: |  1  2 |
---------------+-------+-----
Fighting       | 4 |  4.1
Armour         | 4 |  4.2
Long Blades    | 3 |  3.1
Shields        | |  3.9

Action                     || total
---------------------------++-------
  Melee: Long sword        ||    64
         Headbutt          ||     9
    Use: Potion            ||     2
 Armour: Scale mail        ||    28
  Dodge: Dodged            ||    36
  Block: Buckler           ||     9
